 Dungeon Sprint DCSS version 0.16.1-5-gaa23807 (webtiles) character file.

76053 Gingerlord the Impregnable (level 15, -10/156 (158) HPs)
             Began as a Minotaur Fighter on Mar 28, 2015.
             Was the Champion of Okawaru (penitent).
             Shot themself with a bolt of lightning (29 damage)
             ... in the Dungeon (Sprint V: "Ziggurat Sprint") on Mar 29, 2015.
             The game lasted 00:28:34 (2411 turns).

Gingerlord the Impregnable (Minotaur Fighter)       Turns: 2411, Time: 00:28:34

HP:   -10/156 (158) AC: 34    Str: 21    XL:     15   Next: 11%
MP:   30/32         EV:  7    Int:  4    God:    Okawaru [*]
Gold: 0             SH: 29    Dex: 17    Spells: 0 memorised, 18 levels left

rFire  + + .     SeeInvis .       - Unarmed
rCold  + . .     Clarity  .     l - +5 gold dragon armour
rNeg   + + +     SustAb   .     n - +3 large shield
rPois  +         Gourm    .     (helmet restricted)
rElec  .         Spirit   .     J - +1 ratskin cloak {rPois rN+ Int-1 Dex-1}
rCorr  .         Warding  .     (no gloves)
rMut   .         NoTele   +     (no boots)
MR     ++...                    (no amulet)
Stlth  ..........               D - ring of Imotsish {rPois rF+ EV-3 Stlth+}
                                P - ring "Qala" {Contam +Fly rN++ MR+ Str-3 Dex+5}

@: heroism, finesse, flayed, rotting, studying Armour, very resistant to hostile
enchantments, extremely unstealthy
A: retaliatory headbutt, horns 2
a: Renounce Religion, Evoke Flight


You were in the Dungeon.
You worshipped Okawaru.
Okawaru was demanding penance.
You were not hungry.

You visited 1 branch

Inventory:

Hand weapons
 O - the +14 obsidian axe {chop, +Fly Str+3 SInv Curse}
   (You found it in the Dungeon)

   It inflicts extra damage upon your enemies.
   It affects your strength (+3).
   It enhances your eyesight.
   It lets you fly.
   It may re-curse itself when equipped.
Armour
 b - the +1 cloak "Pseejit" {rF+ Int+4}
   (You found it in the Dungeon)

   It affects your intelligence (+4).
   It protects you from fire.
 l - a +5 gold dragon armour (worn)
 n - a +3 large shield (worn)
 J - the +1 ratskin cloak (worn) {rPois rN+ Int-1 Dex-1}
   (You found it in the Dungeon)

   It affects your intelligence (-1).
   It affects your dexterity (-1).
   It protects you from poison.
   It protects you from negative energy.
Jewellery
 a - an uncursed ring of sustain abilities
 o - a cursed amulet of regeneration
 D - the ring of Imotsish (right hand) {rPois rF+ EV-3 Stlth+}
   (You found it in the Dungeon)

   [ring of evasion]

   It affects your evasion (-3).
   It protects you from fire.
   It protects you from poison.
   It makes you more stealthy.
 N - a +6 ring of strength
 P - the ring "Qala" (left hand) {Contam +Fly rN++ MR+ Str-3 Dex+5}
   (You found it in the Dungeon)

   [ring of protection from magic]

   It affects your strength (-3).
   It affects your dexterity (+5).
   It greatly protects you from negative energy.
   It affects your resistance to hostile enchantments.
   It lets you fly.
   It causes magical contamination when unequipped.
Magical devices
 y - a wand of disintegration (7)
 F - a wand of fire (5)
 G - a wand of cold (5)
 H - a wand of draining (5)
Scrolls
 k - a scroll of blinking
 r - 4 scrolls of amnesia
 s - 3 scrolls of recharging
 t - 8 scrolls of fog
 u - a scroll of holy word
 v - 5 scrolls of identify
 w - 3 scrolls of remove curse
 x - 2 scrolls of fear
 I - 2 scrolls of brand weapon
Potions
 e - 5 potions of might
 f - 10 potions of curing
 h - 8 potions of haste
 i - 7 potions of magic
 j - 3 potions of berserk rage
 z - 2 potions of brilliance
 A - 2 potions of invisibility
 B - 2 potions of restore abilities
 C - 4 potions of resistance
 E - 5 potions of agility
Books
 c - a manual of Armour
Miscellaneous
 m - a phial of floods
 K - a fan of gales
 L - 2 phantom mirrors
 Q - a disc of storms
 T - a disc of storms
Comestibles
 d - 4 bread rations
 p - 35 fruits
 q - 4 meat rations


   Skills:
 + Level 21.2(26.2) Fighting
 + Level 21.1(26.1) Axes
 + Level 21.5(26.5) Armour
 - Level 0.7(5.7) Dodging
 + Level 21.1(26.1) Shields
 - Level 2.1 Spellcasting
 - Level 11.1 Invocations
 * Level 19.9 Evocations


You had 18 spell levels left.
You didn't know any spells.

Dungeon Overview and Level Annotations

Branches:
Dungeon (1/1)

Altars:
Ashenzari
Cheibriados
Dithmenos
Elyvilon
Fedhas
Gozag
Kikubaaqudgha
Makhleb
Nemelex Xobeh
Okawaru
Qazlal
Ru
Sif Muna
Trog
Vehumet
Xom
Yredelemnul
Zin
The Shining One
Beogh
Jiyva
Lugonu


Innate Abilities, Weirdness & Mutations

You reflexively headbutt those who attack you in melee.
You have a pair of horns on your head.


Message History

The ynoxinul gestures.
You closely miss the hungry ghost. You block the hungry ghost's attack.
The mummy priest calls down the wrath of its god upon you.
Something smites you!
* * * LOW HITPOINT WARNING * * *
The mummy priest calls down the wrath of its god upon you.
Something smites you!
* * * LOW HITPOINT WARNING * * *
The mana viper barely misses you.
Evoke which item? (* to show all) (? for menu, Esc to quit)
The disc erupts in an explosion of electricity!
The zap misses the hungry ghost.
The zap hits the hungry ghost.
The hungry ghost is moderately damaged.
The zap misses you. The zap hits you!
The zap hits the mana viper.
The mana viper is lightly wounded.
The zap misses the mummy.
You hear a mighty clap of thunder!
The bolt of lightning hits you!
You die...

...=:MM}§?....▓.............▓▓
.§§§WM≈83M.....▓..▓.......▓..▓.
....MM5Z≈......▓.▓.▓.....▓.▓.▓.
...M38≈≈M......▓..▓....|..▓..▓.
▓.....M≈8M......▓.......).....▓.
▓.....5.M†3MM...▓.......).....▓.
▓......≈..MM....▓▓▓▓▓▓▓▓▓▓▓▓▓▓▓.
▓...▓.≈5M5M.▓MS.▓ ▓. .
▓▓≈.3≈§▓▓▓W@▓ ▓.
▓...▓.....§§▓WW.▓ ▓.
▓.........3555..▓ ▓.
▓............§≈.▓ ▓▓
▓▓▓▓▓▓▓▓▓▓▓▓▓▓▓▓▓


You could see a greater mummy, 2 mummy priests, a flayed ghost, a mana viper, 2
guardian mummies, an ushabti, a freezing wraith, a hungry ghost, a ynoxinul, a
chaos spawn, 3 mummies and 3 ufetubi.

Vanquished Creatures
  A pandemonium lord (D)
  A pearl dragon (D)
  2 liches (D)
  An Ice Fiend (D)
  An acid blob (D)
  3 krakens (D)
  A daeva (D)
  A deep elf sorcerer (D)
  An emperor scorpion (D)
  A ghoul (D)
  A reaper (D)
  3 angels (D)
  2 deep elf annihilators (D)
  A pale draconian (D)
  3 death oozes (D)
  A merfolk javelineer (D)
  2 merfolk impalers (D)
  A fire dragon (D)
  A great orb of eyes (D)
  A deep elf high priest (D)
  An ice dragon (D)
  A merfolk avatar (D)
  4 merfolk aquamancers (D)
  A hell hog (D)
  2 vampire magi (D)
  5 soul eaters (D)
  A sun demon (D)
  A skeletal warrior (D)
  3 deep elf knights (D)
  A sea snake (D)
  A death drake (D)
  2 death scarabs (D)
  A deep elf summoner (D)
  An ice devil (D)
  3 cherubim (D)
  3 swamp dragons (D)
  An anubis guard (D)
  A griffon (D)
  2 water elementals (D)
  A hornet (D)
  An orc sorcerer (D)
  2 cyclopes (D)
  11 draconians (D)
  A shining eye (D)
  A deep elf conjurer (D)
  4 necromancers (D)
  3 wolf spiders (D)
  3 sirens (D)
  2 sixfirhies (D)
  A moth of wrath (D)
  2 rust devils (D)
  An eye of devastation (D)
  A hellion (D)
  A tormentor (D)
  A smoke demon (D)
  A demonic crawler (D)
  4 guardian mummies (D)
  2 red devils (D)
  A fire drake (D)
  4 merfolk (D)
  A fire vortex (D)
  2 slime creatures (D)
  A jumping spider (D)
  A trapdoor spider (D)
  6 flying skulls (D)
  4 wyverns (D)
  A yak (D)
  A shadow (D)
  2 fire elementals (D)
  A deep elf mage (D)
  A deep elf fighter (D)
  2 vampires (D)
  A tarantella (D)
  A hippogriff (D)
  A neqoxec (D)
  2 water moccasins (D)
  A golden eye (D)
  A mottled dragon (D)
  A naga (D)
  A wolf (D)
  A swamp drake (D)
  2 hell hounds (D)
  A wasp (D)
  2 necrophages (D)
  4 wights (D)
  4 jellies (D)
  A hound (D)
  An iron imp (D)
  A hell rat (D)
  2 iguanas (D)
  4 mummies (D)
  An adder (D)
  An ufetubus (D)
  2 spectral adders (D)
  3 adder skeletons (D)
  An adder zombie (D)
  4 oozes (D)
  3 bat skeletons (D)
  2 bat zombies (D)
  2 ball pythons (D)
  A ball python skeleton (D)
  A giant cockroach zombie (D)
  A giant gecko simulacrum (D)
  A giant gecko skeleton (D)
  A jackal zombie (D)
  A quokka skeleton (D)
  A spectral ball python (D)
  2 spectral giant cockroaches (D)
  10 tentacles (D)
  A tentacle segment (D)
206 creatures vanquished.

Vanquished Creatures (collateral kills)
  A merfolk impaler (D)
  A merfolk avatar (D)
  2 shining eyes (D)
  2 draconians (D)
  A slime creature (D)
  2 basilisks (D)
  A golden eye (D)
  A steam dragon (D)
  A river rat (D)
  A giant cockroach zombie (D)
  A quokka skeleton (D)
  2 crawling corpses (D)
  A tentacle (D)
17 creatures vanquished.

Vanquished Creatures (others)
  An air elemental (D)
  2 rust devils (D)
  A tormentor (D)
  A blue devil (D)
  A neqoxec (D)
  An iron imp (D)
  A quasit (D)
  An ufetubus (D)
  An adder zombie (D)
  A bat skeleton (D)
  18 tentacles (D)
  820 tentacle segments (D)
849 creatures vanquished.

Grand Total: 1072 creatures vanquished

Notes
Turn   | Place    | Note
--------------------------------------------------------------
     0 | D        | Gingerlord, the Minotaur Fighter, began the quest for the Orb.
     0 | D        | Reached XP level 1. HP: 19/19 MP: 1/1
     0 | D        | Found a basalt altar of Yredelemnul.
     0 | D        | Found an iron altar of Okawaru.
     3 | D        | Found a radiant altar of Vehumet.
     3 | D        | Found a shimmering altar of Xom.
     6 | D        | Found a burning altar of Makhleb.
     8 | D        | Found a corrupted altar of Lugonu.
     8 | D        | Found a white marble altar of Elyvilon.
     8 | D        | Found a deep blue altar of Sif Muna.
     9 | D        | Found a sparkling altar of Nemelex Xobeh.
    11 | D        | Found a viscous altar of Jiyva.
    17 | D        | Found a bloodstained altar of Trog.
    55 | D        | Reached skill level 5 in Fighting
    55 | D        | Reached skill level 6 in Axes
    55 | D        | Reached skill level 5 in Armour
    55 | D        | Reached XP level 2. HP: 23/29 MP: 1/3
   162 | D        | Became a worshipper of Warmaster Okawaru
   166 | D        | Entered arena 1.
   166 | D        | Noticed a jelly
   166 | D        | Noticed a jelly
   169 | D        | Killed a jelly
   169 | D        | Reached XP level 3. HP: 35/37 MP: 5/5
   169 | D        | Killed a jelly
   169 | D        | Reached skill level 5 in Shields
   169 | D        | Reached XP level 4. HP: 41/45 MP: 5/5
   173 | D        | Entered arena 2.
   173 | D        | Noticed a necrophage
   178 | D        | Killed a necrophage
   178 | D        | Reached skill level 7 in Fighting
   178 | D        | Reached skill level 8 in Armour
   178 | D        | Reached XP level 5. HP: 46/53 MP: 6/6
   187 | D        | Entered arena 3.
   187 | D        | Noticed a draconian
   187 | D        | Noticed a pale draconian
   187 | D        | Noticed a draconian
   187 | D        | Noticed a draconian
   193 | D        | Killed a draconian
   193 | D        | Acquired Okawaru's first power
   193 | D        | Reached skill level 9 in Fighting
   193 | D        | Reached XP level 6. HP: 55/66 MP: 8/8
   193 | D        | Reached XP level 7. HP: 59/71 MP: 8/8
   196 | D        | Killed a draconian
   196 | D        | Reached skill level 10 in Fighting
   196 | D        | Reached skill level 10 in Armour
   196 | D        | Reached skill level 5 in Invocations
   202 | D        | Killed a pale draconian
   202 | D        | Reached skill level 11 in Fighting
   202 | D        | Reached XP level 8. HP: 53/83 MP: 9/14
   205 | D        | Killed a draconian
   205 | D        | Reached skill level 12 in Fighting
   205 | D        | Reached XP level 9. HP: 58/90 MP: 10/16
   215 | D        | Got the +11 crystal plate armour of Resourcefulness {rF+ rN++}
   347 | D        | Entered arena 4.
   347 | D        | Noticed a draconian
   347 | D        | Noticed a draconian
   347 | D        | Noticed a draconian
   347 | D        | Noticed a draconian
   352 | D        | Killed a draconian
   353 | D        | Killed a draconian
   353 | D        | Killed a draconian
   353 | D        | Acquired Okawaru's second power
   356 | D        | Killed a draconian
   369 | D        | Entered arena 5.
   369 | D        | Noticed a fire elemental
   369 | D        | Noticed a fire vortex
   369 | D        | Noticed a hell hound
   369 | D        | Noticed a fire elemental
   369 | D        | Noticed a hell hog
   373 | D        | Killed a hell hog
   373 | D        | Reached skill level 13 in Fighting
   373 | D        | Reached XP level 10. HP: 99/101 MP: 18/20
   373 | D        | Killed a hell hound
   374 | D        | Killed a fire elemental
   375 | D        | Killed a fire elemental
   380 | D        | Got the ring of Jealousy {Fire Contam rPois rN++ Str-4 Dex+4}
   381 | D        | Killed a fire vortex
   384 | D        | Entered arena 6.
   384 | D        | Noticed a draconian
   384 | D        | Noticed a draconian
   384 | D        | Noticed a draconian
   384 | D        | Noticed a draconian
   384 | D        | Noticed a draconian
   384 | D        | Noticed a draconian
   391 | D        | Killed a draconian
   393 | D        | Killed a draconian
   393 | D        | Received a gift from Okawaru
   393 | D        | Reached skill level 10 in Invocations
   394 | D        | Killed a draconian
   396 | D        | Killed a draconian
   396 | D        | Reached skill level 14 in Fighting
   398 | D        | Killed a draconian
   399 | D        | Killed a draconian
   407 | D        | Got the cursed +3 executioner's axe of Irojogehia {speed, rElec Str+4 Int+2}
   416 | D        | Entered arena 7.
   416 | D        | Noticed a water moccasin
   416 | D        | Noticed a water moccasin
   416 | D        | Noticed a naga
   420 | D        | Killed a water moccasin
   420 | D        | Noticed a sun demon
   421 | D        | Killed a water moccasin
   423 | D        | Killed a sun demon
   426 | D        | Killed a naga
   479 | D        | Entered arena 8.
   479 | D        | Noticed a flying skull
   479 | D        | Noticed a guardian mummy
   479 | D        | Noticed an anubis guard
   485 | D        | Killed a guardian mummy
   491 | D        | Killed a flying skull
   493 | D        | Killed an anubis guard
   493 | D        | Reached XP level 11. HP: 103/111 MP: 15/22
   511 | D        | Entered arena 9.
   511 | D        | Noticed a basilisk
   511 | D        | Noticed a wolf
   511 | D        | Noticed a basilisk
   511 | D        | Noticed an iguana
   511 | D        | Noticed an iguana
   511 | D        | Noticed a yak
   512 | D        | Noticed a hound
   517 | D        | Killed a wolf
   518 | D        | Killed an iguana
   519 | D        | Killed a yak
   519 | D        | Reached skill level 1 in Evocations
   521 | D        | Killed a hound
   523 | D        | Killed an iguana
   523 | D        | Killed a basilisk
   527 | D        | Killed a basilisk
   544 | D        | Got the ring "Qala" {Contam +Fly rN++ MR+ Str-3 Dex+5}
   551 | D        | Entered arena 10.
   551 | D        | Noticed a golden eye
   551 | D        | Noticed a shining eye
   551 | D        | Noticed a jelly
   551 | D        | Noticed a golden eye
   551 | D        | Noticed a slime creature
   551 | D        | Noticed a jelly
   554 | D        | Killed a jelly
   559 | D        | Killed a jelly
   560 | D        | Killed a slime creature
   563 | D        | Killed a shining eye
   566 | D        | Killed a golden eye
   566 | D        | Reached skill level 15 in Fighting
   568 | D        | Killed a golden eye
   581 | D        | Entered arena 11.
   581 | D        | Noticed a wolf spider
   581 | D        | Noticed a wolf spider
   581 | D        | Noticed a hornet
   581 | D        | Noticed an emperor scorpion
   581 | D        | Noticed a jumping spider
   581 | D        | Noticed a wasp
   581 | D        | Noticed a demonic crawler
   582 | D        | Noticed a wolf spider
   582 | D        | Noticed a moth of wrath
   584 | D        | Killed a wasp
   585 | D        | Killed a demonic crawler
   585 | D        | Received a gift from Okawaru
   585 | D        | Reached skill level 15 in Armour
   585 | D        | Killed a jumping spider
   585 | D        | Noticed an ice devil
   586 | D        | Killed a hornet
   588 | D        | Killed a wolf spider
   588 | D        | Reached skill level 5 in Evocations
   591 | D        | Killed a moth of wrath
   591 | D        | Reached skill level 15 in Axes
   591 | D        | Killed an ice devil
   592 | D        | Killed a wolf spider
   592 | D        | Killed a wolf spider
   592 | D        | Reached skill level 15 in Shields
   599 | D        | Killed an emperor scorpion
   606 | D        | Noticed a trapdoor spider
   606 | D        | Killed a trapdoor spider
   626 | D        | Entered arena 12.
   626 | D        | Noticed an acid blob
   626 | D        | Noticed a slime creature
   626 | D        | Noticed a death ooze
   626 | D        | Noticed a death ooze
   626 | D        | Noticed a slime creature
   626 | D        | Noticed a shining eye
   626 | D        | Noticed an eye of devastation
   626 | D        | Noticed a great orb of eyes
   627 | D        | Noticed a death ooze
   627 | D        | Noticed a shining eye
   632 | D        | Killed a shining eye
   633 | D        | Killed a great orb of eyes
   634 | D        | Killed a death ooze
   634 | D        | Reached skill level 16 in Fighting
   635 | D        | Killed a death ooze
   635 | D        | Reached XP level 12. HP: 104/122 MP: 23/23
   636 | D        | Killed a slime creature
   636 | D        | Received a gift from Okawaru
   636 | D        | Killed a death ooze
   638 | D        | Killed an acid blob
   638 | D        | Reached skill level 10 in Evocations
   638 | D        | Killed an eye of devastation
   642 | D        | Killed a slime creature
   642 | D        | Killed a shining eye
  1058 | D        | Entered arena 13.
  1058 | D        | Noticed a deep elf high priest
  1058 | D        | Noticed a deep elf fighter
  1058 | D        | Noticed an orc sorcerer
  1059 | D        | Noticed a deep elf sorcerer
  1059 | D        | Noticed a deep elf knight
  1059 | D        | Noticed a deep elf summoner
  1059 | D        | Noticed a deep elf annihilator
  1059 | D        | Noticed a deep elf conjurer
  1060 | D        | Noticed a deep elf knight
  1060 | D        | Noticed a deep elf annihilator
  1060 | D        | Noticed a deep elf knight
  1060 | D        | Noticed a deep elf mage
  1065 | D        | Killed an orc sorcerer
  1068 | D        | Killed a deep elf sorcerer
  1068 | D        | Killed a deep elf summoner
  1069 | D        | Killed a deep elf mage
  1071 | D        | Killed a deep elf annihilator
  1071 | D        | Reached skill level 17 in Fighting
  1072 | D        | Killed a deep elf knight
  1072 | D        | Killed a deep elf knight
  1074 | D        | Killed a deep elf conjurer
  1074 | D        | Killed a deep elf knight
  1076 | D        | Killed a deep elf high priest
  1078 | D        | Killed a deep elf fighter
  1081 | D        | Killed a deep elf annihilator
  1088 | D        | Got the ring "Xufeof" {Wiz Slay+2 SInv Stlth-}
  1096 | D        | Entered arena 14.
  1097 | D        | Noticed a soul eater
  1097 | D        | Noticed a soul eater
  1097 | D        | Noticed a soul eater
  1097 | D        | Noticed a ghoul
  1097 | D        | Noticed a soul eater
  1107 | D        | Killed a soul eater
  1107 | D        | Received a gift from Okawaru
  1109 | D        | Killed a soul eater
  1110 | D        | Killed a ghoul
  1110 | D        | Reached XP level 13. HP: 118/134 MP: 22/25
  1113 | D        | Killed a soul eater
  1114 | D        | Killed a soul eater
  1120 | D        | Got the ring of Sumehy {-Tele rPois rC+ Str-3 Dex+4 Stlth+}
  1136 | D        | Entered arena 15.
  1136 | D        | Noticed a wyvern
  1136 | D        | Noticed a mottled dragon
  1136 | D        | Noticed a steam dragon
  1137 | D        | Noticed a fire dragon
  1137 | D        | Noticed a wyvern
  1137 | D        | Noticed a death drake
  1137 | D        | Noticed a swamp dragon
  1137 | D        | Noticed a wyvern
  1137 | D        | Noticed a swamp dragon
  1137 | D        | Noticed an ice dragon
  1138 | D        | Noticed a wyvern
  1138 | D        | Noticed a swamp drake
  1138 | D        | Noticed a swamp dragon
  1138 | D        | Noticed a fire drake
  1140 | D        | Killed a wyvern
  1141 | D        | Killed a wyvern
  1142 | D        | Killed a wyvern
  1143 | D        | Killed a wyvern
  1146 | D        | Killed a mottled dragon
  1146 | D        | Killed a swamp dragon
  1148 | D        | Killed a swamp drake
  1150 | D        | Killed an ice dragon
  1150 | D        | Reached skill level 18 in Fighting
  1151 | D        | Killed a swamp dragon
  1152 | D        | Killed a fire dragon
  1155 | D        | Killed a fire drake
  1157 | D        | Killed a steam dragon
  1158 | D        | Killed a swamp dragon
  1159 | D        | Killed a death drake
  1164 | D        | Got the ring "Mna Hidoj" {Ice Int+4}
  1168 | D        | Got the ring of Iweruh {Str+2 SInv}
  1381 | D        | Entered arena 16.
  1383 | D        | Noticed a rust devil
  1383 | D        | Noticed a red devil
  1383 | D        | Noticed a tormentor
  1384 | D        | Noticed a reaper
  1384 | D        | Noticed a red devil
  1384 | D        | Noticed a tormentor
  1384 | D        | Noticed a hellion
  1384 | D        | Noticed a skeletal warrior
  1384 | D        | Noticed a flying skull
  1384 | D        | Noticed a hell hound
  1384 | D        | Noticed an iron imp
  1385 | D        | Noticed a shadow
  1389 | D        | Killed a rust devil
  1391 | D        | Killed a flying skull
  1393 | D        | Killed a tormentor
  1393 | D        | Killed a tormentor
  1397 | D        | Killed a hellion
  1397 | D        | Killed a shadow
  1400 | D        | Killed an iron imp
  1401 | D        | Killed a red devil
  1402 | D        | Killed a reaper
  1403 | D        | Killed a hell hound
  1409 | D        | Killed a skeletal warrior
  1413 | D        | Killed a red devil
  1636 | D        | Entered arena 17.
  1638 | D        | Noticed a daeva
  1638 | D        | Noticed a cherub
  1639 | D        | Noticed an angel
  1639 | D        | Noticed a pearl dragon
  1639 | D        | Noticed a cherub
  1639 | D        | Noticed an angel
  1639 | D        | Noticed an angel
  1640 | D        | Noticed a cherub
  1649 | D        | Killed a cherub
  1649 | D        | Reached skill level 15 in Evocations
  1651 | D        | Killed a pearl dragon
  1657 | D        | Killed an angel
  1662 | D        | Killed a daeva
  1662 | D        | Received a gift from Okawaru
  1662 | D        | Reached skill level 19 in Fighting
  1662 | D        | Killed an angel
  1662 | D        | Killed an angel
  1664 | D        | Killed a cherub
  1666 | D        | Killed a cherub
  1672 | D        | Got the cursed ring of Imotsish {rPois rF+ EV-3 Stlth+}
  1675 | D        | Got the amulet of Xoeb {+Rage Int-3 Slay+5}
  1751 | D        | Entered arena 18.
  1751 | D        | Noticed a vampire
  1751 | D        | Noticed a vampire
  1752 | D        | Noticed a vampire mage
  1755 | D        | Killed a vampire
  1755 | D        | Reached XP level 14. HP: 145/145 MP: 22/29
  1760 | D        | Killed a vampire
  1761 | D        | Killed a vampire mage
  1764 | D        | Noticed a lich
  1764 | D        | Noticed a lich
  1765 | D        | Noticed a wight
  1765 | D        | Noticed a vampire mage
  1765 | D        | Noticed a wight
  1765 | D        | Noticed a necromancer
  1765 | D        | Noticed a necromancer
  1766 | D        | Noticed a Hell Sentinel
  1766 | D        | Noticed a necromancer
  1766 | D        | Noticed a necrophage
  1766 | D        | Noticed a necromancer
  1769 | D        | Killed a wight
  1770 | D        | Killed a lich
  1773 | D        | Killed a necromancer
  1773 | D        | Killed a necromancer
  1773 | D        | Killed a necrophage
  1776 | D        | Killed a wight
  1777 | D        | Killed a necromancer
  1779 | D        | Killed a lich
  1780 | D        | Killed a necromancer
  1782 | D        | Killed a vampire mage
  1825 | D        | Entered arena 19.
  1829 | D        | Noticed a sixfirhy
  1829 | D        | Noticed a chaos spawn
  1829 | D        | Noticed a rust devil
  1830 | D        | Noticed an orange demon
  1830 | D        | Noticed an ice devil
  1830 | D        | Noticed Hawuv the pandemonium lord
  1830 | D        | Noticed a rust devil
  1830 | D        | Noticed an Ice Fiend
  1830 | D        | Noticed Truil the pandemonium lord
  1830 | D        | Noticed a hellwing
  1830 | D        | Noticed a sixfirhy
  1830 | D        | Noticed an orange demon
  1830 | D        | Noticed a neqoxec
  1830 | D        | Noticed a blue devil
  1831 | D        | Noticed Crawuu the pandemonium lord
  1831 | D        | Noticed an Executioner
  1831 | D        | Noticed Staucahi the pandemonium lord
  1831 | D        | Noticed a monstrous corrupter
  1831 | D        | Noticed a smoke demon
  1832 | D        | Noticed a hellion
  1832 | D        | Noticed an ancient champion
  1832 | D        | Noticed a Brimstone Fiend
  1835 | D        | Noticed a red devil
  1836 | D        | Noticed a red draconian scorcher
  1839 | D        | Noticed an orc warlord
  1839 | D        | Killed a rust devil
  1841 | D        | Killed Hawuv the pandemonium lord
  1841 | D        | Reached skill level 20 in Fighting
  1842 | D        | Killed a smoke demon
  1843 | D        | Killed an Ice Fiend
  1843 | D        | Received a gift from Okawaru
  1843 | D        | Killed a sixfirhy
  1843 | D        | Killed a sixfirhy
  1845 | D        | Noticed a deep elf sorcerer
  1845 | D        | Noticed a deep elf blademaster
  1845 | D        | Noticed a deep elf sorcerer
  1853 | D        | Entered arena 20.
  2063 | D        | Noticed a merfolk avatar
  2063 | D        | Noticed a merfolk impaler
  2063 | D        | Noticed a merfolk impaler
  2064 | D        | Noticed a sea snake
  2064 | D        | Noticed a griffon
  2064 | D        | Noticed a siren
  2064 | D        | Noticed a hippogriff
  2064 | D        | Noticed a kraken
  2064 | D        | Noticed a siren
  2064 | D        | Noticed a merfolk
  2065 | D        | Noticed a siren
  2065 | D        | Noticed a merfolk
  2065 | D        | Noticed a merfolk javelineer
  2065 | D        | Noticed a merfolk aquamancer
  2065 | D        | Noticed a merfolk impaler
  2065 | D        | Noticed a merfolk avatar
  2065 | D        | Noticed a cyclops
  2065 | D        | Noticed a merfolk aquamancer
  2065 | D        | Noticed a merfolk aquamancer
  2065 | D        | Noticed a kraken
  2065 | D        | Noticed a kraken
  2066 | D        | Noticed a merfolk
  2066 | D        | Noticed a merfolk
  2068 | D        | Killed a sea snake
  2069 | D        | Noticed a cyclops
  2070 | D        | Killed a hippogriff
  2071 | D        | Killed a merfolk aquamancer
  2074 | D        | Noticed a merfolk aquamancer
  2074 | D        | Killed a merfolk
  2077 | D        | Killed a merfolk impaler
  2078 | D        | Killed a merfolk
  2080 | D        | Killed a griffon
  2083 | D        | Killed a merfolk javelineer
  2085 | D        | Killed a merfolk
  2087 | D        | Killed a merfolk aquamancer
  2090 | D        | Killed a merfolk impaler
  2091 | D        | Killed a merfolk impaler
  2093 | D        | Killed a merfolk aquamancer
  2095 | D        | Killed a kraken
  2098 | D        | Killed a siren
  2099 | D        | Killed a merfolk aquamancer
  2101 | D        | Killed a cyclops
  2101 | D        | Killed a merfolk
  2102 | D        | Killed a siren
  2103 | D        | Killed a kraken
  2103 | D        | Reached skill level 21 in Armour
  2105 | D        | Killed a cyclops
  2105 | D        | Received a gift from Okawaru
  2109 | D        | Killed a siren
  2118 | D        | Killed a kraken
  2118 | D        | Reached XP level 15. HP: 96/157 MP: 30/32
  2121 | D        | Killed a merfolk avatar
  2123 | D        | Killed a merfolk avatar
  2136 | D        | Got the +1 cloak "Pseejit" {rF+ Int+4}
  2384 | D        | Entered arena 21.
  2387 | D        | Noticed a guardian mummy
  2387 | D        | Noticed a guardian mummy
  2388 | D        | Noticed a guardian mummy
  2388 | D        | Noticed a greater mummy
  2388 | D        | Noticed a flying skull
  2388 | D        | Noticed an ushabti
  2388 | D        | Noticed an ushabti
  2389 | D        | Noticed a flying skull
  2389 | D        | Noticed an ushabti
  2389 | D        | Noticed a guardian mummy
  2390 | D        | Noticed a death scarab
  2390 | D        | Noticed a flying skull
  2390 | D        | Noticed a greater mummy
  2390 | D        | Noticed a mummy priest
  2391 | D        | Noticed a death scarab
  2391 | D        | Was placed under penance by Okawaru
  2391 | D        | Killed a guardian mummy
  2391 | D        | Killed a flying skull
  2391 | D        | Killed a guardian mummy
  2391 | D        | Killed a death scarab
  2392 | D        | Noticed a mummy priest
  2392 | D        | Noticed a guardian mummy
  2392 | D        | Noticed a guardian mummy
  2393 | D        | Noticed a mummy priest
  2396 | D        | Killed a flying skull
  2396 | D        | Killed a guardian mummy
  2397 | D        | Killed a death scarab
  2397 | D        | Killed a flying skull
  2397 | D        | HP: 4/157 [drowned by a water elemental[the player character] (5)]
  2411 | D        | Shot themself with a bolt of lightning

Action                   |  1- 3 |  4- 6 |  7- 9 | 10-12 | 13-15 || total
-------------------------+-------+-------+-------+-------+-------++-------
Melee: Broad axe         |     2 |     7 |    19 |   106 |   152 ||   286
       Unarmed           |       |       |       |       |     1 ||     1
Invok: Heroism           |       |       |     1 |     4 |     6 ||    11
       Finesse           |       |       |       |     4 |     6 ||    10
Evoke: Disc of storms    |       |       |       |       |     5 ||     5
       Fan of gales      |       |       |       |       |     1 ||     1
       Phial of floods   |       |       |       |       |     1 ||     1
  Use: Potion            |     1 |     2 |       |       |    12 ||    15
       Scroll            |       |       |       |     1 |     4 ||     5
 Stab: Fleeing           |       |       |       |       |     1 ||     1
       Petrifying        |       |       |       |       |     2 ||     2
  Eat: Fruit             |       |       |       |     7 |       ||     7
       Bread ration      |       |       |       |       |     1 ||     1
